 Dungeon Crawl Stone Soup version 0.22-a0-322-g60b3cfd (webtiles) character file.

109 sankara the Ruffian (level 4, -10/35 HPs)
             Began as a Minotaur Transmuter on Apr 2, 2018.
             Mangled by xccam's ghost (19 damage)
             ... on level 3 of the Dungeon.
             The game lasted 00:08:46 (2791 turns).

sankara the Ruffian (Minotaur Transmuter)           Turns: 2791, Time: 00:08:46

Health: -10/35     AC:  2    Str: 15    XL:     4   Next: 60%
Magic:  4/5        EV: 12    Int: 11    God:
Gold:   123        SH:  0    Dex: 10    Spells: 2/5 levels left

rFire    . . .     SeeInvis .     - Unarmed
rCold    . . .     Gourm    .   (no shield)
rNeg     . . .     Faith    .   b - +0 robe
rPois    .         Spirit   .   (helmet restricted)
rElec    .         Reflect  .   (no cloak)
rCorr    .         Harm     .   (no gloves)
MR       .....                  (boots currently unavailable)
Stlth    +.........             (no amulet)
HPRegen  0.11/turn              (no ring)
MPRegen  0.09/turn              (no ring)

@: appendage
A: retaliatory headbutt, horns 2, talons 3
a: End Transformation


You were on level 3 of the Dungeon.
You were not hungry.
You had grown temporary talons.
You visited 1 branch of the dungeon, and saw 3 of its levels.

You collected 123 gold pieces.

Inventory:

Missiles
 a - 12 arrows
 e - 75 stones (quivered)
Armour
 b - a +0 robe (worn)
Wands
 i - a wand of polymorph (14)
   (You found it on level 2 of the Dungeon)
Scrolls
 c - 4 scrolls of magic mapping {unknown}
 f - a scroll of noise {unknown}
 g - 5 scrolls of identify {unknown}
 k - a scroll of amnesia {unknown}
 m - a scroll of blinking {unknown}
Potions
 j - a potion of might {unknown}
 l - a potion of resistance {unknown}
Comestibles
 d - 4 rations
 h - 8 chunks of flesh {@w0}


   Skills:
 - Level 1.2 Fighting
 - Level 2.1 Dodging
 - Level 1.0 Stealth
 + Level 4.7 Unarmed Combat
 - Level 1.3 Spellcasting
 + Level 2.9 Transmutations


You had 2 spell levels left.
You knew the following spells:

 Your Spells              Type           Power        Failure   Level  Hunger
a - Beastly Appendage     Tmut           #.....       10%         1    ##.....
b - Sticks to Snakes      Tmut           #.......     14%         2    ###....


Dungeon Overview and Level Annotations

Branches:
Dungeon (3/15)

Altars:
Ashenzari
Cheibriados

Annotations:
D:3 xccam's ghost, novice FoFi


Innate Abilities, Weirdness & Mutations

You reflexively headbutt those who attack you in melee.
You have a pair of horns on your head.
You have claws for feet.


Message History

You enter the shallow water.
Moving in this stuff is going to be slow.
There is a stone staircase leading down here.
You climb downwards.
Level annotation: xccam's ghost, novice FoFi
There is a stone staircase leading up here.
d - 3 rations (gained 1)
There is a stone staircase leading up here.
A bat comes into view.
A bat is nearby!
Casting: Beastly Appendage (safe; 10% risk of failure)
Confirm with . or Enter, or press ? or * to list all spells.
Your feet morph into talons.
The bat completely misses you.
You hit the bat.
The bat is heavily wounded.
The bat hits you but does no damage. The bat closely misses you.
The bat hits you but does no damage.
You barely miss the bat. Your kick misses the bat.
You kill the bat!
No target in view!
No target in view!
Your transformation is almost over.
You see here a bat corpse.
You butcher the bat corpse.
h - 7 chunks of flesh {@w0} (gained 1)
You see here a bat skeleton.
Magic restored.
Your talons disappear.
A rat comes into view.
A rat is nearby!
A giant cockroach comes into view.
Casting: Beastly Appendage (safe; 10% risk of failure)
Confirm with . or Enter, or press ? or * to list all spells.
Your feet morph into talons.
The rat twitches its whiskers.
You closely miss the rat.
You kill the rat!
You hit the giant cockroach.
You kill the giant cockroach!
Your transformation is almost over.
No target in view!
You see here a rat corpse.
You butcher the rat corpse.
h - 8 chunks of flesh {@w0} (gained 1)
You see here a rat skeleton.
A hobgoblin comes into view. It is wielding a club.
The hobgoblin shouts!
A jackal comes into view.
Your talons disappear.
You see here a rat skeleton.
Casting: Beastly Appendage (safe; 10% risk of failure)
Confirm with . or Enter, or press ? or * to list all spells.
Your feet morph into talons.
The hobgoblin hits you with a club.
You see here a rat skeleton.
You closely miss the hobgoblin.
You claw the hobgoblin, but do no damage.
The hobgoblin hits you but does no damage.
You closely miss the hobgoblin. Your kick misses the hobgoblin.
Your transformation is almost over.
The hobgoblin misses you. You furiously retaliate!
You headbutt the hobgoblin. You hit the hobgoblin but do no damage.
The hobgoblin is severely wounded.
The hobgoblin hits you with a club.
You closely miss the hobgoblin.
You kill the hobgoblin!
Things that are here:
a club; a hobgoblin corpse You see here a rat skeleton.
Okay, then.
Things that are here:
a club; a hobgoblin corpse You butcher the hobgoblin corpse.
h - 10 chunks of flesh {@w0} (gained 2)
Things that are here:
a club; a hobgoblin skeleton Your talons disappear.
c - 4 scrolls labeled CIGOXK BIPIUWN (gained 3)
d - 4 rations (gained 1) HP restored.
Some of the chunks of flesh in your inventory have rotted away.
Xccam's ghost turns its malevolent gaze towards you.
A jackal comes into view.
Xccam's ghost completely misses you.
Found a stone staircase leading down.
A rat comes into view.
There is a stone staircase leading up here.
Casting: Beastly Appendage (safe; 10% risk of failure)
Confirm with . or Enter, or press ? or * to list all spells.
Your feet morph into talons.
Xccam's ghost hits you! The jackal closely misses you. You furiously retaliate!
You headbutt the jackal!
You kill the jackal!
You hit xccam's ghost.
Xccam's ghost is lightly damaged.
Xccam's ghost hits you!
* * * LOW HITPOINT WARNING * * *
Xccam's ghost hits you!!
Ouch! That really hurt!
You die...

#..........#......
#....#####...#
#.#.######...#
#...##.......### #
#..###.###.....#.#
#..........#...#.#
#.###...............#
#.# #####.###..W†...#
#.####..........@r..#
#.#.......###.........>.
#...................#.##
#...#...######........#
#...#......# #.#.#.####
#...#...##.# #.###..
...#######.# #. ..#
......# #.# #. ..#
.####.## #.#


You could see xccam's ghost and a rat.

Vanquished Creatures
  2 adders
  An ooze (D:1)
  2 worms (D:2)
  6 dart slugs
  2 leopard geckos
  9 bats
  4 giant cockroaches
  11 goblins
  12 hobgoblins
  A jackal (D:3)
  4 kobolds
  A frilled lizard (D:2)
  6 rats
61 creatures vanquished.

Notes
Turn   | Place    | Note
-------+----------+-------------------------------------------
     0 | D:1      | sankara the Minotaur Transmuter began the quest for the Orb.
     0 | D:1      | Reached XP level 1. HP: 16/16 MP: 1/1
   126 | D:1      | HP: 3/16 [kobold/dagger (2)]
   128 | D:1      | HP: 1/16 [dart slug (2)]
   131 | D:1      | Reached skill level 2 in Transmutations
   131 | D:1      | Reached XP level 2. HP: 2/23 MP: 0/3
   138 | D:1      | Learned a level 2 spell: Sticks to Snakes
   738 | D:1      | Found a shattered altar of Ashenzari.
   901 | D:1      | Reached skill level 4 in Unarmed Combat
   967 | D:1      | Reached XP level 3. HP: 23/28 MP: 2/4
  1176 | D:2      | Found a snail-covered altar of Cheibriados.
  1272 | D:2      | HP: 5/28 [acid (7)]
  1368 | D:1      | HP: 3/28 [acid (9)]
  2087 | D:2      | Reached XP level 4. HP: 21/35 MP: 3/5
  2480 | D:3      | Reached skill level 1 in Stealth
  2602 | D:3      | Noticed xccam's ghost (novice FoFi)
  2791 | D:3      | Mangled by xccam's ghost

Vault maps used:
D:1:      lemuel_arrival_tunnels, nicolae_ashenzari_panopticon
D:2:      kennysheep_slug_shrine, first_ration, minivault_27
D:3:      marbit_many_paths, uniq_sigmund

Skill      XL: |  1  2  3  4 |
---------------+-------------+-----
Transmutations | 2 |  2.9
Unarmed Combat | 4 |  4.7
Stealth        | 1 |  1.0
Fighting       | |  1.2
Dodging        | |  2.1
Spellcasting   | |  1.3

Action                   |  1- 3 |  4- 6 || total
-------------------------+-------+-------++-------
Melee: Unarmed           |    97 |    29 ||   126
       Kick              |    20 |     4 ||    24
       Headbutt          |    10 |     7 ||    17
Throw: Stone             |     1 |       ||     1
 Cast: Beastly Appendage |    23 |    10 ||    33
  Eat: Chunk             |     5 |     2 ||     7
Armor: Robe              |    21 |     5 ||    26
Dodge: Dodged            |    57 |    20 ||    77

Table legend:
 A = Spawn XP
 B = Non-spawn XP
 C = Spawn XP percentage of total XP
 D = Spawn monster count
 E = Non-spawn monster count
 F = Spawn count percentage of total count
 G = Total turns spent on level
                    A         B        C        D         E        F      G
               +---------+---------+-------+---------+---------+-------+---------
         Total |       0 |     157 |   0.0 |       0 |      61 |   0.0 |  2791
               +---------+---------+-------+---------+---------+-------+---------
           D:1 |       0 |      54 |   0.0 |       0 |      25 |   0.0 |  1203
           D:2 |       0 |      64 |   0.0 |       0 |      22 |   0.0 |  1373
           D:3 |       0 |      39 |   0.0 |       0 |      14 |   0.0 |   215
               +---------+---------+-------+---------+---------+-------+---------

Vault maps used:
D:1:      lemuel_arrival_tunnels, nicolae_ashenzari_panopticon
D:2:      kennysheep_slug_shrine, first_ration, minivault_27
D:3:      marbit_many_paths, uniq_sigmund

Table legend:
 A = Turns spent in this place as a percentage of turns spent in the entire game.
 B = Non-inter-level travel turns spent in this place as a percentage of non-inter-level travel turns spent in the entire game.
 C = Inter-level travel turns spent in this place as a percentage of turns spent in this place.
 D = Turns resting spent in this place as a percentage of non-inter-level travel turns spent in this place.
 E = Turns spent auto-exploring this place as a percentage of non-inter-level travel turns spent in this place.
 F = Non-inter-level travel turns spent in this place divided by the number of levels of this place that you've seen.
                   A       B       C       D       E      F
               +-------+-------+-------+-------+-------+----------------------
         Total | 100.0 | 100.0 |   2.1 |  39.3 |  34.4 | 911.0
       Dungeon | 100.0 | 100.0 |   2.1 |  39.3 |  34.4 | 911.0
               +-------+-------+-------+-------+-------+----------------------

Table legend:
 A = Kills in this place as a percentage of kills in entire the game.
 B = Kills by you in this place as a percentage of kills by you in the entire game.
 C = Kills by friends in this place as a percentage of kills by friends in the entire game.
 D = Other kills in this place as a percentage of other kills in the entire game.
 E = Experience gained in this place as a percentage of experience gained in the entire game.
 F = Experience gained in this place divided by the number of levels of this place that you have seen.
                   A       B       C       D       E      F
               +-------+-------+-------+-------+-------+----------------------
         Total | 100.0 | 100.0 |   N/A |   N/A | 100.0 |  52.3
       Dungeon | 100.0 | 100.0 |   N/A |   N/A | 100.0 |  52.3
               +-------+-------+-------+-------+-------+----------------------
